 Dungeon Crawl Stone Soup version 0.31-a0-1522-g43313d8a59 (webtiles) character file.

Game seed: 3962254853181484428

23298 jlumianski the Grappler (level 13, -3/99 HPs)
             Began as a Gnoll Shapeshifter on Dec 31, 2023.
             Was an Elder of Wu Jian.
             Slain by a skeletal warrior
             ... wielding a +0 flail
              (13 damage)
             ... on level 11 of the Dungeon.
             The game lasted 00:51:38 (10525 turns).

jlumianski the Grappler (Gnoll Shapeshifter)       Turns: 10525, Time: 00:51:38

Health: -3/99      AC: 15    Str: 22    XL:     13   Next: 5%
Magic:  24/24      EV: 14    Int:  9    God:    Wu Jian [****..]
Gold:   537        SH:  0    Dex: 13    Spells: 24/27 levels left

rFire   . .          .
                       - Unarmed
rCold   x . .        (no shield)
rNeg    . . .        p - +7 scale mail of Komo {rC- Will+++ Str+4 Slay+3}
rPois   .            (helmet currently unavailable)
rElec   .            (cloak currently unavailable)
rCorr   .            (gloves currently unavailable)
SInv    .            (boots currently unavailable)
Will    +++..        g - amulet of regeneration
Stlth   ++           P - ring of flight
HPRegen 1.16/turn    (no ring)
MPRegen 0.19/turn

%: no passive effects
@: exhausted, beast-form, flying
A: beast (slay +4), fangs 1, strong nose, distributed training
a: Begin Untransformation, Renounce Religion, Wall Jump, Serpent's Lash


You were on level 11 of the Dungeon.
You worshipped Wu Jian.
Wu Jian was greatly pleased with you.
You were a hulking beast.
You visited 2 branches of the dungeon, and saw 13 of its levels.
You also visited: Sewer.

You collected 679 gold pieces.
You spent 142 gold pieces at shops.

Inventory:

Hand Weapons
 n - a +0 longbow
Missiles
 e - 22 poisoned darts (quivered)
 q - 3 boomerangs
 t - 2 throwing nets
 A - 2 datura-tipped darts
 I - 6 curare-tipped darts
 L - 5 atropa-tipped darts
Armour
 o - a +0 chain mail
 p - the +7 scale mail of Komo (worn) {rC- Will+++ Str+4 Slay+3}
   (You found it on level 2 of the Dungeon)

   Str+4:     It affects your strength (+4).
   Slay+3:    It affects your accuracy & damage with ranged weapons and melee
   (+3).
   rC-:       It makes you vulnerable to cold.
   Will+++:   It greatly increases your willpower.
 D - an orb of wrath
 G - an orb of mayhem
 N - +0 acid dragon scales
Jewellery
 g - an amulet of regeneration (around neck)
 z - an amulet of reflection
 K - a ring of ice
 P - a ring of flight (left hand)
 S - a ring of protection from cold
Talismans
 c - a beast talisman
Wands
 y - a wand of paralysis (27)
 B - a wand of mindburst (22)
 F - a wand of digging (4)
 O - a wand of flame (11)
 R - a wand of iceblast (8)
Scrolls
 d - a scroll of fear {unknown}
 h - 6 scrolls of fog
 w - 4 scrolls of teleportation
 J - 2 scrolls of revelation
 V - a scroll of poison
Potions
 a - a potion of mutation
 b - 7 potions of lignification
 f - a potion of haste {unknown}
 j - 7 potions of curing
 k - 2 potions of berserk rage
 u - 3 potions of cancellation
 C - a potion of might
 Q - a potion of enlightenment
 U - a potion of heal wounds


   Skills:
 + Level 8.4 Fighting
 + Level 7.9 Short Blades
 + Level 7.9 Long Blades
 + Level 7.9 Axes
 + Level 7.9 Maces & Flails
 + Level 7.9 Polearms
 + Level 7.9 Staves
 + Level 7.9 Ranged Weapons
 + Level 7.9 Throwing
 + Level 7.9 Armour
 + Level 9.2 Dodging
 + Level 7.9 Stealth
 + Level 7.9 Shields
 + Level 10.3 Unarmed Combat
 + Level 7.9 Spellcasting
 + Level 6.6 Conjurations
 + Level 6.6 Hexes
 + Level 6.6 Summonings
 + Level 6.6 Necromancy
 + Level 6.6 Translocations
 + Level 6.6 Fire Magic
 + Level 6.6 Ice Magic
 + Level 6.6 Air Magic
 + Level 6.6 Earth Magic
 + Level 6.6 Alchemy
 + Level 8.7 Invocations
 + Level 7.9 Evocations
 + Level 9.8 Shapeshifting


You had 24 spell levels left.
You knew the following spells:

 Your Spells              Type           Power      Damage    Failure   Level
a - Frozen Ramparts       Ice            30%        1d5       9%          3

Your spell library contained the following spells:

 Spells                   Type           Power      Damage    Failure   Level
 Freeze                   Ice            60%        1d7       2%          1
 Hailstorm                Conj/Ice       15%        3d6       9%          3
 Anguish                  Hex/Necr       7%         N/A       26%         4
 Animate Armour           Summ/Erth      30%        N/A       26%         4
 Cause Fear               Hex            7%         N/A       26%         4
 Summon Lightning Spire   Summ/Air       15%        N/A       26%         4
 Iskenderun's Battlesphe  Conj           15%        2d7       58%         5
 Lee's Rapid Deconstruct  Erth           7%         3d7*      58%         5
 Bombard                  Conj/Erth      7%         9d2       99%         6
 Enfeeble                 Hex            7%         N/A       100%        7
 Spellforged Servitor     Conj/Summ      7%         N/A       100%        7


Dungeon Overview and Level Annotations

Branches:
Dungeon (12/15)            Temple (1/1) D:6            Lair (0/5) D:9
    Orc (0/2) D:11          Sewer (visited)

Altars:
Ashenzari
Cheibriados
Dithmenos
Elyvilon
Fedhas
Gozag
Hepliaklqana
Kikubaaqudgha
Makhleb
Nemelex Xobeh
Okawaru
Qazlal
Ru
Sif Muna
Trog
Uskayaw
Vehumet
Wu Jian
Xom
Yredelemnul
Zin
The Shining One

Shops:
D:4 !   D:9 !

Annotations:
D:11 3 runed translucent doors, R007833r's ghost, journeyman DrBe


Innate Abilities, Weirdness & Mutations

You are a hulking beast.
Your limbs bulge with bestial killing power. (Slay +4)
You have very sharp teeth.
Your uncanny sense of smell can sniff out nearby items.
Your experience applies equally to all skills.


Message History

The skeletal warrior is almost destroyed.
The skeletal warrior closely misses you.
You hit the skeletal warrior but do no damage.
You bite the skeletal warrior, but do no damage.
The skeletal warrior is almost destroyed.
You hit the skeletal warrior. You punch the skeletal warrior.
You destroy the skeletal warrior!
The Council accepts your kill.
You lunge at the skeletal warrior, in a flurry of attacks.
You hit the skeletal warrior but do no damage.
The skeletal warrior is lightly damaged.
You hit the skeletal warrior. Your bite misses the skeletal warrior.
The skeletal warrior is lightly damaged.
The skeletal warrior barely misses you.
You see here a +0 dire flail.
You see here a +0 scale mail.
Your muscles tense, ready for explosive movement...
Aiming: Wall Jump
Press: ? - help, Dir - move target You repeatedly attack the skeletal warrior from above, with incredible momentum.
You pummel the skeletal warrior!!
The skeletal warrior is heavily damaged.
You pummel the skeletal warrior!!
The skeletal warrior is severely damaged.
Your supernatural speed expires.
You see here a +0 dire flail.
You punch the skeletal warrior!
The skeletal warrior is almost destroyed.
The skeletal warrior hits you with a +0 flail.
You hit the skeletal warrior but do no damage.
Your punch misses the skeletal warrior.
You bite the skeletal warrior, but do no damage.
The skeletal warrior is almost destroyed.
The skeletal warrior hits you with a +0 flail!!
* * * LOW HITPOINT WARNING * * *
You hit the skeletal warrior but do no damage.
You punch the skeletal warrior!
The skeletal warrior is almost destroyed.
The skeletal warrior hits you with a +0 flail!
You die...

#..........##.>'....
#..........#####....
#..........# #....
########'### #....
##..# ####' ##<.## #÷
#..## #. ######.## #.
#..°hz○# ##
##'######### #
#..........# #
#..........# #
#........z.###########
#..........#.....)))..
#..........'.#########
#..........###
########'###


You could see a skeletal warrior.

Vanquished Creatures
  A two-headed ogre (D:9)
  3 death yaks
  A skeletal warrior (D:11)
  A gargoyle (D:10)
  An unseen horror (D:8)
  Maggie (D:7)
  A kobold demonologist (D:10)
  A komodo dragon (D:11)
  A troll (D:10)
  Grinder (D:4)
  A wraith (D:11)
  Sigmund (D:4)
  3 shadows
  Eustachio (D:4)
  2 wyverns
  14 yaks
  A steam dragon (D:10)
  5 vampire mosquitoes
  2 acid dragons
  2 water moccasins
  4 sky beasts
  8 orc warriors
  4 ogres
  A black bear (D:7)
  A phantom (D:4)
  3 centaurs
  2 kobold brigands (D:8)
  2 brain worms (Sewer)
  5 bullfrogs
  9 scorpions
  A gnoll sergeant (D:11)
  21 wights
  4 killer bees
  3 howler monkeys
  A hound (D:5)
  2 bombardier beetles
  7 jellies
  6 orc priests
  Terence (D:2)
  Jessica (D:2)
  5 iguanas
  12 orc wizards
  A hell rat (D:9)
  17 gnolls
  10 adders
  4 river rats
  A shadow imp (D:6)
  A white imp (D:7)
  2 dart slugs (D:1)
  3 ribbon worms
  44 orcs
  6 ball pythons
  3 bats
  6 endoplasms
  14 giant cockroaches
  2 goblins
  3 hobgoblins
  4 jackals (D:2)
  15 kobolds
  4 quokkas
  4 frilled lizards
  12 rats
  2 butterflies (D:9)
305 creatures vanquished.

Vanquished Creatures (others)
  2 orcs (D:9)
2 creatures vanquished.

Grand Total: 307 creatures vanquished

Notes
Turn   | Place    | Note
-------+----------+-------------------------------------------
     0 | D:1      | jlumianski the Gnoll Shapeshifter began the quest for the
                  | Orb.
     0 | D:1      | Reached XP level 1. HP: 17/17 MP: 1/1
   121 | D:1      | Reached XP level 2. HP: 23/23 MP: 2/2
   451 | D:1      | Found a faded altar of an unknown god.
   589 | D:2      | Reached XP level 3. HP: 26/28 MP: 3/3
   759 | D:3      | Found a bloodstained altar of Trog.
   805 | D:2      | Reached skill level 1 in Invocations
   916 | D:2      | Reached skill level 1 in Short Blades
   916 | D:2      | Reached skill level 1 in Long Blades
   916 | D:2      | Reached skill level 1 in Axes
   916 | D:2      | Reached skill level 1 in Maces & Flails
   916 | D:2      | Reached skill level 1 in Polearms
   916 | D:2      | Reached skill level 1 in Staves
   916 | D:2      | Reached skill level 1 in Ranged Weapons
   916 | D:2      | Reached skill level 1 in Throwing
   916 | D:2      | Reached skill level 1 in Armour
   916 | D:2      | Reached skill level 1 in Stealth
   916 | D:2      | Reached skill level 1 in Shields
   916 | D:2      | Reached skill level 1 in Spellcasting
   916 | D:2      | Reached skill level 1 in Evocations
  1138 | D:2      | Noticed Jessica
  1143 | D:2      | Killed Jessica
  1144 | D:2      | Reached XP level 4. HP: 27/34 MP: 5/5
  1267 | D:3      | Reached skill level 1 in Conjurations
  1267 | D:3      | Reached skill level 1 in Hexes
  1267 | D:3      | Reached skill level 1 in Summonings
  1267 | D:3      | Reached skill level 1 in Necromancy
  1267 | D:3      | Reached skill level 1 in Translocations
  1267 | D:3      | Reached skill level 1 in Fire Magic
  1267 | D:3      | Reached skill level 1 in Ice Magic
  1267 | D:3      | Reached skill level 1 in Air Magic
  1267 | D:3      | Reached skill level 1 in Earth Magic
  1267 | D:3      | Reached skill level 1 in Alchemy
  1303 | D:2      | Reached XP level 5. HP: 32/40 MP: 5/7
  1419 | D:2      | Noticed Terence
  1431 | D:2      | Killed Terence
  1529 | D:2      | Identified the +7 scale mail of Komo {rC- Will+++ Str+4
                  | Slay+3}
  1630 | D:4      | Reached XP level 6. HP: 46/47 MP: 8/8
  1650 | D:4      | Noticed a sky beast
  1862 | D:2      | Reached skill level 5 in Dodging
  1973 | D:3      | Found a stormy altar of Qazlal.
  2336 | D:3      | Found a broken altar of Ashenzari.
  2491 | D:4      | Killed a sky beast
  2570 | D:5      | Entered Level 5 of the Dungeon
  2578 | D:5      | Reached skill level 7 in Unarmed Combat
  2578 | D:5      | Reached XP level 7. HP: 52/52 MP: 10/10
  2756 | D:4      | Reached XP level 8. HP: 60/60 MP: 12/12
  2818 | D:5      | Found a glowing drain.
  2830 | Sewer    | Entered a sewer
  3279 | D:5      | Found a burning altar of Makhleb.
  3372 | D:4      | Noticed Grinder
  3381 | D:4      | Killed Grinder
  3477 | D:4      | Noticed Sigmund
  3485 | D:4      | Killed Sigmund
  3486 | D:4      | Reached XP level 9. HP: 67/67 MP: 13/15
  3545 | D:4      | Found Pirif's Distillery.
  3554 | D:4      | Bought a potion of curing for 30 gold pieces
  3554 | D:4      | Bought a potion of might for 40 gold pieces
  3712 | D:4      | Reached skill level 5 in Fighting
  3753 | D:4      | Noticed Eustachio
  3771 | D:4      | Killed Eustachio
  4720 | D:5      | Found a snail-covered altar of Cheibriados.
  4892 | D:6      | Reached skill level 8 in Unarmed Combat
  4895 | D:6      | Found a glowing golden altar of the Shining One.
  4933 | D:6      | Found a staircase to the Ecumenical Temple.
  4958 | Temple   | Entered the Ecumenical Temple
  4982 | Temple   | Became a worshipper of the Wu Jian Council
  5034 | D:6      | Found a shimmering blue altar of Sif Muna.
  5036 | D:6      | Reached skill level 5 in Invocations
  5251 | D:6      | Found a blossoming altar of Fedhas.
  5257 | D:6      | Found a hide-covered altar of Uskayaw.
  5871 | D:7      | Noticed Maggie
  5879 | D:7      | Killed Maggie
  5938 | D:7      | Reached skill level 5 in Short Blades
  5938 | D:7      | Reached skill level 5 in Long Blades
  5938 | D:7      | Reached skill level 5 in Axes
  5938 | D:7      | Reached skill level 5 in Maces & Flails
  5938 | D:7      | Reached skill level 5 in Polearms
  5938 | D:7      | Reached skill level 5 in Staves
  5938 | D:7      | Reached skill level 5 in Ranged Weapons
  5938 | D:7      | Reached skill level 5 in Throwing
  5938 | D:7      | Reached skill level 5 in Armour
  5938 | D:7      | Reached skill level 5 in Stealth
  5938 | D:7      | Reached skill level 5 in Shields
  5938 | D:7      | Reached skill level 5 in Spellcasting
  5938 | D:7      | Reached skill level 5 in Evocations
  5938 | D:7      | Reached XP level 10. HP: 76/76 MP: 17/17
  6145 | D:7      | Reached * piety under Wu Jian
  6897 | D:8      | Found a sparkling altar of Nemelex Xobeh.
  7137 | D:8      | Killed an unseen horror
  7186 | D:9      | Noticed a death yak
  7186 | D:9      | Found a staircase to the Lair.
  7231 | D:8      | Identified the +4 scale mail of the Vaults {Dex+2}
  7373 | D:8      | Found a white marble altar of Elyvilon.
  7506 | D:9      | Noticed a two-headed ogre
  7518 | D:9      | Killed a two-headed ogre
  7519 | D:9      | Reached skill level 9 in Unarmed Combat
  7524 | D:9      | Found a runed translucent door.
  7536 | D:9      | Found a runed translucent door.
  7592 | D:9      | Reached ** piety under Wu Jian
  7620 | D:9      | Reached skill level 5 in Conjurations
  7620 | D:9      | Reached skill level 5 in Hexes
  7620 | D:9      | Reached skill level 5 in Summonings
  7620 | D:9      | Reached skill level 5 in Necromancy
  7620 | D:9      | Reached skill level 5 in Translocations
  7620 | D:9      | Reached skill level 5 in Fire Magic
  7620 | D:9      | Reached skill level 5 in Ice Magic
  7620 | D:9      | Reached skill level 5 in Air Magic
  7620 | D:9      | Reached skill level 5 in Earth Magic
  7620 | D:9      | Reached skill level 5 in Alchemy
  7620 | D:9      | Reached XP level 11. HP: 81/83 MP: 20/20
  7653 | D:9      | Found Poicoluc's Distillery.
  7659 | D:9      | Bought a potion of curing for 36 gold pieces
  7659 | D:9      | Bought a potion of curing for 36 gold pieces
  7676 | D:10     | Entered Level 10 of the Dungeon
  7760 | D:9      | Noticed a death yak
  7777 | D:9      | Killed a death yak
  7819 | D:10     | Found a shadowy altar of Dithmenos.
  7955 | D:10     | You are sucked into a shaft and drop 1 floor!
  8154 | D:9      | Noticed a death yak
  8162 | D:10     | Killed a death yak
  8174 | D:10     | Killed a death yak
  8566 | D:9      | Found a hazy altar of Hepliaklqana.
  8661 | D:9      | Reached *** piety under Wu Jian
  8753 | D:9      | Reached skill level 10 in Unarmed Combat
  8753 | D:9      | Reached XP level 12. HP: 92/92 MP: 21/23
  8758 | D:9      | Learned a level 3 spell: Frozen Ramparts
  9974 | D:11     | Found a staircase to the Orcish Mines.
 10026 | D:11     | Found a runed translucent gate.
 10027 | D:11     | Found a runed translucent gate.
 10027 | D:11     | Found a runed translucent gate.
 10031 | D:11     | Noticed R007833r's ghost (journeyman DrBe)
 10095 | D:11     | Reached XP level 13. HP: 91/98 MP: 20/24
 10138 | D:11     | Reached **** piety under Wu Jian
 10525 | D:11     | Slain by a skeletal warrior

Illustrated notes

Levels and vault maps discovered:
D:1:      dpeg_arrival_yet_another_circle, layout_basic,
          hellmonk_ecumenical_altar_pennies_from_heaven
D:2:      layout_loops_ring, uniq_jessica, uniq_terence
D:3:      layout_basic, grunt_qazlal_sundering, nicolae_overflow_hidden_temple,
          ashenzari_conservatory_becter, due_unseen_surprise
D:4:      layout_layer_cave, serial_shops, shop, uniq_sigmund, uniq_grinder,
          uniq_eustachio
D:5:      layout_basic, mainiacjoe_overflow_tiny_flanked, kennysheep_little_box,
          mainiacjoe_sewer_entry_somewhere_in_here_1, kennysheep_boxes
D:6:      layout_basic, mainiacjoe_overflow_concentric_impassable,
          grunt_temple_overflow_open, mainiacjoe_overflow_catwalk,
          minmay_temple_entry_offerings
D:7:      layout_basic, uniq_maggie
D:8:      layout_loops_ring, kennysheep_mini,
          mainiacjoe_overflow_six_doors_small, kennysheep_opposing_triangles
D:9:      lemuel_insect_pit, layout_loops_corners, amcnicky_altar_gilded,
          dpeg_lair_monsters, serial_shops, nicolae_diamond_shop
D:10:     layout_loops_cross, mainiacjoe_overflow_brackets, dk_noncrumbling_2
D:11:     layout_roguey, david_orc_3, ebering_ghost_rock_garden
D:12:     layout_long_grid
Temple:   chequers_temple_sunken

Skill      XL: |  1  2  3  4  5  6  7  8  9 10 11 12 |
---------------+-------------------------------------+-----
Invocations    | 1 2 3 4 5 6 8 |  8.7
Short Blades   | 1 2 3 4 5 6 7 |  7.9
Long Blades    | 1 2 3 4 5 6 7 |  7.9
Axes           | 1 2 3 4 5 6 7 |  7.9
Maces & Flails | 1 2 3 4 5 6 7 |  7.9
Polearms       | 1 2 3 4 5 6 7 |  7.9
Staves         | 1 2 3 4 5 6 7 |  7.9
Ranged Weapons | 1 2 3 4 5 6 7 |  7.9
Throwing       | 1 2 3 4 5 6 7 |  7.9
Armour         | 1 2 3 4 5 6 7 |  7.9
Stealth        | 1 2 3 4 5 6 7 |  7.9
Shields        | 1 2 3 4 5 6 7 |  7.9
Spellcasting   | 1 2 3 4 5 6 7 |  7.9
Evocations     | 1 2 3 4 5 6 7 |  7.9
Conjurations   | 1 2 3 4 5 6 |  6.6
Hexes          | 1 2 3 4 5 6 |  6.6
Summonings     | 1 2 3 4 5 6 |  6.6
Necromancy     | 1 2 3 4 5 6 |  6.6
Translocations | 1 2 3 4 5 6 |  6.6
Fire Magic     | 1 2 3 4 5 6 |  6.6
Ice Magic      | 1 2 3 4 5 6 |  6.6
Air Magic      | 1 2 3 4 5 6 |  6.6
Earth Magic    | 1 2 3 4 5 6 |  6.6
Alchemy        | 1 2 3 4 5 6 |  6.6
Fighting       | 3 4 5 6 8 |  8.4
Dodging        | 5 6 7 8 9 |  9.2
Unarmed Combat | 7 8 9 10 | 10.3
Shapeshifting  | 7 8 9 |  9.8

Action                     |  1- 3 |  4- 6 |  7- 9 | 10-12 | 13-15 || total
---------------------------+-------+-------+-------+-------+-------++-------
  Melee: Unarmed           |    65 |   100 |   197 |   474 |    61 ||   897
         Punch             |     2 |     2 |     8 |    32 |     6 ||    50
         Bite              |     2 |    14 |    18 |    61 |     8 ||   103
  Throw: Dart              |       |       |    10 |    25 |     2 ||    37
   Cast: Frozen Ramparts   |       |       |       |     4 |     3 ||     7
 Invoke: Serpent's Lash    |       |       |       |       |     1 ||     1
Ability: Lunge             |       |       |     7 |    51 |     7 ||    65
         Whirlwind         |       |       |       |    26 |       ||    26
         Wall Jump         |       |       |       |    13 |     1 ||    14
    Use: Scroll            |       |     1 |     7 |     6 |     1 ||    15
         Potion            |       |     1 |     2 |     2 |       ||     5
   Stab: Sleeping          |       |       |     1 |     4 |     1 ||     6
 Armour: Animal skin       |     9 |       |       |       |       ||     9
         Leather armour    |    35 |    21 |       |       |       ||    56
         Scale mail        |       |    27 |   146 |   261 |    31 ||   465
  Dodge: Dodged            |    39 |    56 |   116 |   197 |    12 ||   420

Table legend: (Time is in decaauts)
 A = Elapsed time spent in this place.
 B = Non-inter-level travel time spent in this place.
 C = Inter-level travel time spent in this place.
 D = Time resting spent in this place.
 E = Time spent auto-exploring this place.
 F = Levels seen in this place.
 G = Mean time per level.
                   A        B        C        D        E       F      G
               +--------+--------+--------+--------+--------+-----+--------+
         Total |  10567 |  10387 |    180 |    352 |   5626 |  14 |  754.8 |
       Dungeon |  10084 |   9904 |    180 |    352 |   5453 |  12 |  840.3 |
        Temple |     62 |     62 |      0 |      0 |      0 |   1 |   62.0 |
         Sewer |    420 |    420 |      0 |      0 |    173 |   1 |  420.0 |
               +--------+--------+--------+--------+--------+-----+--------+

Top non-repeatable levels by time:
     D:4: 1316 daAuts
     D:9: 1178 daAuts
    D:10: 1055 daAuts
     D:3: 1031 daAuts
     D:2: 970 daAuts
     D:8: 946 daAuts
     D:6: 865 daAuts
     D:7: 786 daAuts
    D:11: 769 daAuts
     D:5: 645 daAuts
     D:1: 517 daAuts
   Sewer: 420 daAuts
  Temple: 62 daAuts
    D:12: 3 daAuts
